 Dungeon Sprint DCSS version 0.21-a0-91-ga5031da (webtiles) character file.

6188 Kidiri the Unseen (level 10, -5/57 (58) HPs)
             Began as a Spriggan Enchanter on June 30, 2017.
             Was an Elder of Dithmenos.
             Engulfed by a death drake's foul pestilence (7 damage)
             ... in the Dungeon (Sprint II: "The Violet Keep of Menkaure").
             The game lasted 00:15:13 (2176 turns).

Kidiri the Unseen (Spriggan Enchanter)              Turns: 2176, Time: 00:15:14

HP:   -5/57 (58)    AC:  5    Str:  8    XL:     10   Next: 60%
MP:   5/27          EV: 30    Int: 18    God:    Dithmenos [****..]
Gold: 492           SH:  9    Dex: 17    Spells: 21/33 levels left

rFire    + . .     SeeInvis +   a - +1 dagger
rCold    x x .     Gourm    .   l - +0 buckler
rNeg     . . .     Faith    .   f - +1 robe of the Sixty-Six Curses {rElec rC- Str+4 Stlth+}
rPois    .         Spirit   .   (helmet restricted)
rElec    +         Reflect  +   m - +0 cloak
rCorr    .         Harm     .   (gloves unavailable)
MR       +....     Clarity  +   (boots unavailable) Stlth ++++++++++NoTele +
                                i - +2 amulet of reflection
HPRegen  0.19/turn              k - ring of flight
MPRegen  0.20/turn              y - ring of fire

@: lethally poisoned (-5 -> -20), flying, very slightly contaminated, slowed,
wreathed by umbra, quick
A: unfitting armour, see invisible, clarity, clumsy 1, herbivore 3, speed 3,
robust 1, shaggy fur 1, slow metabolism 2
a: Shadow Step, Renounce Religion, Stop Flying


You were in the Dungeon.
You worshipped Dithmenos.
Dithmenos was greatly pleased with you.
You were not hungry.

You visited 1 branch You collected 1394 gold pieces.
You spent 902 gold pieces at shops.

Inventory:

Hand Weapons
 a - a +1 dagger (weapon)
Armour
 f - the +1 robe of the Sixty-Six Curses (worn) {rElec rC- Str+4 Stlth+}
   (You bought it in a shop in the Dungeon)

   It affects your strength (+4).
   It makes you vulnerable to cold.
   It insulates you from electricity.
   It makes you more stealthy.
 l - a +0 buckler (worn)
 m - a +0 cloak (worn)
Jewellery
 i - a +2 amulet of reflection (around neck)
 k - a ring of flight (left hand)
 n - a +3 ring of evasion
 w - an uncursed ring of magical power
 y - a ring of fire (right hand)
 B - an uncursed ring of stealth
Scrolls
 j - 2 scrolls of blinking
 p - a scroll of random uselessness {unknown}
 s - 2 scrolls of amnesia {unknown}
 t - 3 scrolls of fear {unknown}
 v - a scroll of enchant weapon {unknown}
 x - 3 scrolls of remove curse {unknown}
Potions
 b - 4 potions of magic
 e - 4 potions of resistance {unknown}
 g - a potion of haste
 o - 4 potions of flight {unknown}
 r - 2 potions of lignification
 A - a potion of degeneration
Books
 c - a book of Maledictions

   Spells                             Type                      Level
   a - Corona                         Hexes                        1
   b - Ensorcelled Hibernation        Hexes/Ice                    2
   c - Confuse                        Hexes                        3
   d - Tukima's Dance                 Hexes                        3
   e - Dazzling Spray                 Conjuration/Hexes            3
Comestibles
 d - 3 bread rations
 u - 2 royal jellies


   Skills:
 + Level 6.1 Fighting
 * Level 11.3 Short Blades
 + Level 5.5 Armour
 * Level 14.5 Dodging
 * Level 15.9 Stealth
 + Level 3.5 Shields
 * Level 12.4 Spellcasting
 + Level 9.6 Hexes
 + Level 4.5 Invocations
 + Level 6.0 Evocations


You had 21 spell levels left.
You knew the following spells:

 Your Spells              Type           Power        Failure   Level  Hunger
a - Corona                Hex            #####..      1%          1    None
b - Ensorcelled Hibernat  Hex/Ice        ####..       1%          2    None
c - Confuse               Hex            #####...     1%          3    None
d - Tukima's Dance        Hex            #####...     1%          3    None
e - Dazzling Spray        Conj/Hex       ####..       3%          3    None


Dungeon Overview and Level Annotations

Branches:
Dungeon (1/1)

Altars:
Cheibriados
Dithmenos
Elyvilon
Fedhas
Gozag
Hepliaklqana
Kikubaaqudgha
Makhleb
Nemelex Xobeh
Okawaru
Qazlal
Ru
Sif Muna
Trog
Uskayaw
Vehumet
Wu Jian
Xom
Yredelemnul
Zin
The Shining One
Beogh
Jiyva
Lugonu

Shops:
D !::!:}(==%[?!}[=

Annotations:
D exclusion: oklob plant, Roxanne


Innate Abilities, Weirdness & Mutations

You are very small and have problems with some larger weapons.
You are too small for most types of armour.
You have supernaturally acute eyesight. (SInv)
You are a herbivore.
You cover ground extremely quickly.
You need consume almost no food.
You possess an exceptional clarity of mind.
You are clumsy. (Dex -2)
You are robust. (+10% HP)
You are covered in fur. (AC +1)


Message History

Okay, then.
Unknown command.
Unknown command.
You are engulfed in dark miasma.
You are more poisoned.
You feel your flesh rotting away!
You feel as though you will be slow longer.
* * * LOW HITPOINT WARNING * * *
x2 You feel very sick.
Unknown command.
Unknown command.
You are engulfed in dark miasma.
You are more poisoned.
* * * LOW HITPOINT WARNING * * *
x2 You feel very sick.
A crystal guardian opens the door.
Unknown command.
Unknown command.
You feel better.
You are engulfed in dark miasma.
You are lethally poisoned!
You die...

###'###.##..#..+..#..#▓).....).▓▓
.##.##..##..#§§#..#..#▓.[([.)..▓▓
#'.<.'.##'..####..##.#▓[.[(.[..▓▓
.##.##.#.#.÷..###...##▓▓▓▓▓▓▓'▓▓▓
###'###.##..§.§.≈8≈≈≈≈≈≈≈≈≈≈≈...X
##...####≈≈.§.§§k#'########+###.≈
#..#..#≈≈§§≈≈≈§§§#(...._._#t§§##≈
##.#.##≈≈§≈≈≈≈§§§#...._._.#t§§≈##
≈##+##≈≈≈≈≈§§≈≈§@#..._._._#§§≈§≈
≈≈≈≈≈≈≈≈≈≈≈§§§≈§≈#.._._._.#§§≈§§
+++#+++#§≈≈≈§§§≈≈#._._._._#§§§§§
§≈≈§ ##≈≈≈###§≈#_._._._.#§§§§§
≈≈§§§§##≈≈#}#§§#._._._..#≈≈
§§8§≈§§≈+≈≈#+#≈§#.._._._.#≈≈
§§≈§§≈§##§§≈≈≈≈≈##########≈§
§≈§§§§§###########≈≈≈≈≈§≈≈≈≈
+####≈≈≈§§§§###≈########≈


You could see a death drake and a crystal guardian.

Vanquished Creatures
  A deep elf master archer (D)
  A death drake (D)
  A yaktaur (D)
  A hornet (D)
  3 polar bears (D)
  3 slime creatures (D)
  2 hippogriffs (D)
  3 yaks (D)
  4 neqoxecs (D)
  Menkaure (D)
  3 black bears (D)
  2 swamp drakes (D)
  4 necrophages (D)
  A hell rat (D)
  4 worker ants (D)
34 creatures vanquished.

Vanquished Creatures (others)
  A crocodile (D)
  4 tentacles (D)
5 creatures vanquished.

Grand Total: 39 creatures vanquished

Notes
Turn   | Place    | Note
-------+----------+-------------------------------------------
     0 | D        | Kidiri the Spriggan Enchanter began the quest for the Orb.
     0 | D        | Reached XP level 1. HP: 9/9 MP: 5/5
     1 | D        | Noticed a necrophage
     1 | D        | Noticed a necrophage
     1 | D        | Noticed a necrophage
     1 | D        | Noticed a necrophage
    10 | D        | Killed a necrophage
    10 | D        | Reached skill level 1 in Fighting
    10 | D        | Reached skill level 1 in Armour
    10 | D        | Reached skill level 5 in Dodging
    10 | D        | Reached skill level 7 in Stealth
    10 | D        | Reached XP level 2. HP: 15/15 MP: 3/8
    10 | D        | Reached XP level 3. HP: 18/18 MP: 3/10
    10 | D        | Reached XP level 4. HP: 23/23 MP: 3/11
    15 | D        | Killed a necrophage
    15 | D        | Reached skill level 5 in Short Blades
    15 | D        | Reached skill level 8 in Stealth
    15 | D        | Reached skill level 5 in Spellcasting
    15 | D        | Reached skill level 5 in Hexes
    15 | D        | Reached XP level 5. HP: 27/27 MP: 3/14
    32 | D        | Killed a necrophage
    32 | D        | Reached skill level 9 in Stealth
    68 | D        | Killed a necrophage
    68 | D        | Reached skill level 10 in Stealth
    68 | D        | Reached XP level 6. HP: 4/27 MP: 12/17
    74 | D        | Learned a level 2 spell: Ensorcelled Hibernation
    78 | D        | Learned a level 3 spell: Confuse
    82 | D        | Learned a level 3 spell: Tukima's Dance
    86 | D        | Learned a level 3 spell: Dazzling Spray
   467 | D        | Noticed a hippogriff
   467 | D        | Noticed a hippogriff
   470 | D        | Killed a hippogriff
   470 | D        | Reached XP level 7. HP: 31/31 MP: 17/19
   471 | D        | Found Yrchoix's Jewellery Emporium.
   471 | D        | Found Piwkiceaxt's Antique Armour Shoppe.
   471 | D        | Noticed Menkaure
   481 | D        | Killed Menkaure
   481 | D        | Reached skill level 10 in Dodging
   481 | D        | Reached skill level 11 in Stealth
   483 | D        | Found Raunorofaa's Gadget Emporium.
   483 | D        | Found Puz Homm's Distillery.
   483 | D        | Found Femith's Magic Scroll Emporium.
   490 | D        | Killed a hippogriff
   558 | D        | Reached skill level 12 in Stealth
   568 | D        | Noticed a neqoxec
   568 | D        | Noticed a neqoxec
   568 | D        | Noticed a neqoxec
   568 | D        | Noticed a neqoxec
   571 | D        | Killed a neqoxec
   571 | D        | Reached XP level 8. HP: 37/37 MP: 17/22
   592 | D        | Gained mutation: Your spells are a little easier to cast, but a little less powerful. [a neqoxec]
   627 | D        | Gained mutation: Your magical capacity is low. (-10% MP) [a neqoxec]
   635 | D        | Reached skill level 13 in Stealth
   802 | D        | Noticed Roxanne
   940 | D        | Noticed an obsidian statue
   949 | D        | Found Raydin's Antique Armour Emporium.
   949 | D        | Found Iruifiamo's Food Shoppe.
   963 | D        | Found Napho's Jewellery Emporium.
   964 | D        | Found Vonkuam's Antique Weapon Emporium.
   964 | D        | Found Ecle's Gadget Shoppe.
   965 | D        | Found Ruthreh's Book Shoppe.
   966 | D        | Found Hotatz's Jewellery Shoppe.
   967 | D        | Noticed an unseen horror
   968 | D        | Found Docusa's Distillery.
   968 | D        | Found Mosuboaq's Book Emporium.
   968 | D        | Noticed an unseen horror
   968 | D        | Noticed an oklob plant
   969 | D        | Found Jount's Distillery.
   969 | D        | Found Tud Narif's Book Shoppe.
   975 | D        | Noticed an iron elemental
   984 | D        | Bought a warped robe for 142 gold pieces
   994 | D        | Identified the +1 robe of the Sixty-Six Curses {rElec rC- Str+4 Stlth+} (You bought it in a shop in the Dungeon)
  1002 | D        | Bought a +2 amulet of reflection for 82 gold pieces
  1002 | D        | Bought an uncursed ring of flight for 192 gold pieces
  1008 | D        | Bought a buckler for 117 gold pieces
  1008 | D        | Bought a cloak for 117 gold pieces
  1034 | D        | Bought a +3 ring of evasion for 252 gold pieces
  1085 | D        | Found a snail-covered altar of Cheibriados.
  1086 | D        | Found a shadowy altar of Dithmenos.
  1087 | D        | Found a white marble altar of Elyvilon.
  1087 | D        | Found an ancient bone altar of Kikubaaqudgha.
  1087 | D        | Found a roughly hewn altar of Beogh.
  1087 | D        | Found a viscous altar of Jiyva.
  1088 | D        | Found a blossoming altar of Fedhas.
  1088 | D        | Found a corrupted altar of Lugonu.
  1088 | D        | Found a deep blue altar of Sif Muna.
  1089 | D        | Found an opulent altar of Gozag.
  1089 | D        | Found a burning altar of Makhleb.
  1089 | D        | Found a bloodstained altar of Trog.
  1090 | D        | Found a sparkling altar of Nemelex Xobeh.
  1090 | D        | Found a hide-covered altar of Uskayaw.
  1091 | D        | Found an iron altar of Okawaru.
  1091 | D        | Found a radiant altar of Vehumet.
  1091 | D        | Found a glowing silver altar of Zin.
  1091 | D        | Found a basalt altar of Yredelemnul.
  1091 | D        | Noticed a polar bear
  1093 | D        | Found a hazy altar of Hepliaklqana.
  1093 | D        | Found a sacrificial altar of Ru.
  1093 | D        | Found a shimmering altar of Xom.
  1093 | D        | Noticed a hornet
  1094 | D        | Found a stormy altar of Qazlal.
  1094 | D        | Found an ornate altar of the Wu Jian Council.
  1094 | D        | Found a glowing golden altar of the Shining One.
  1094 | D        | Noticed a yaktaur
  1095 | D        | Noticed a polar bear
  1096 | D        | Noticed a polar bear
  1101 | D        | Became a worshipper of Dithmenos the Shadowed
  1109 | D        | Killed a hornet
  1109 | D        | Reached skill level 10 in Spellcasting
  1109 | D        | Reached skill level 1 in Invocations
  1109 | D        | Reached skill level 1 in Evocations
  1111 | D        | Killed a yaktaur
  1111 | D        | Reached skill level 1 in Shields
  1124 | D        | Killed a polar bear
  1124 | D        | Reached * piety under Dithmenos
  1124 | D        | Reached XP level 9. HP: 36/41 MP: 19/22
  1129 | D        | Killed a polar bear
  1129 | D        | Reached skill level 5 in Fighting
  1159 | D        | Killed a polar bear
  1277 | D        | Noticed a kraken
  1390 | D        | Lost mutation: Your magical capacity is low. (-10% MP) [potion of mutation]
  1390 | D        | Lost mutation: Your spells are a little easier to cast, but a little less powerful. [potion of mutation]
  1390 | D        | Gained mutation: Armour fits poorly on your strangely shaped body. [potion of mutation]
  1390 | D        | Gained mutation: You can translocate small distances at will. [potion of mutation]
  1391 | D        | Lost mutation: Armour fits poorly on your strangely shaped body. [potion of mutation]
  1391 | D        | Lost mutation: You can translocate small distances at will. [potion of mutation]
  1391 | D        | Gained mutation: You are covered in fur. (AC +1) [potion of mutation]
  1391 | D        | Gained mutation: You are robust. (+10% HP) [potion of mutation]
  1391 | D        | Gained mutation: You are clumsy. (Dex -2) [potion of mutation]
  1391 | D        | Gained mutation: You possess an exceptional clarity of mind. [potion of mutation]
  1531 | D        | Noticed a death drake
  1535 | D        | Reached ** piety under Dithmenos
  1535 | D        | Reached skill level 14 in Stealth
  1548 | D        | Reached skill level 10 in Short Blades
  1549 | D        | Reached *** piety under Dithmenos
  1564 | D        | Noticed a deep elf master archer
  1569 | D        | Reached skill level 5 in Armour
  1572 | D        | Reached **** piety under Dithmenos
  1580 | D        | Killed a deep elf master archer
  1580 | D        | Reached skill level 15 in Stealth
  1580 | D        | Reached skill level 5 in Evocations
  1580 | D        | Reached XP level 10. HP: 53/53 MP: 22/27
  1588 | D        | Noticed a death drake
  1588 | D        | Noticed a crystal guardian
  1624 | D        | Noticed an orange crystal statue
  1865 | D        | Killed a death drake
  2175 | D        | HP: 2/50 [poisoned by a death drake (dark miasma)]
  2176 | D        | Engulfed by a death drake's foul pestilence

Vault maps used:
D:        the_violet_keep_of_menkaure

Skill      XL: |  1  2  3  4  5  6  7  8  9 10 |
---------------+-------------------------------+-----
Fighting       | 1 2 3 4 5 6 |  6.1
Short Blades   | 3 5 6 7 8 9 11 | 11.3
Armour         | 1 2 3 4 5 |  5.5
Dodging        | 5 7 8 9 11 12 14 | 14.5
Stealth        | 7 8 10 12 13 15 | 15.9
Spellcasting   | 4 5 7 8 9 10 12 | 12.4
Hexes          | 4 5 6 7 8 9 |  9.6
Invocations    | 1 4 |  4.5
Evocations     | 2 5 6 |  6.0
Shields        | 1 3 |  3.5

Action                   |  1- 3 |  4- 6 |  7- 9 | 10-12 || total
-------------------------+-------+-------+-------+-------++-------
Melee: Dagger            |     5 |    57 |    65 |    23 ||   150
 Cast: Corona            |     2 |       |       |       ||     2
       Ensorcelled Hiber |       |       |    19 |     1 ||    20
       Confuse           |       |       |    12 |     3 ||    15
       Dazzling Spray    |       |       |    17 |    16 ||    33
 Abil: Evoke Flight      |       |       |       |     4 ||     4
       Stop Flying       |       |       |       |     1 ||     1
  Use: Potion            |     2 |     1 |     4 |     1 ||     8
       Scroll            |       |       |     3 |     1 ||     4
 Stab: Sleeping          |       |     1 |    18 |     1 ||    20
       Confused          |       |       |     4 |       ||     4
       Invisible         |       |       |     2 |     3 ||     5
Armor: Robe              |     2 |     2 |     2 |     1 ||     7
Dodge: Dodged            |     1 |    39 |    72 |    25 ||   137
Block: Buckler           |       |       |    12 |     7 ||    19
